 Dungeon Crawl Stone Soup version 0.28.0-45-g0d030f2227 (webtiles) character file.

Game seed: 6359650894243374141

2814 mcbry74 the Spear-Bearer (level 9, -7/61 HPs)
             Began as a Merfolk Gladiator on May 23, 2022.
             Was a Follower of Trog.
             Mangled by an orc warrior
             ... wielding a +0 glaive
              (21 damage)
             ... on level 7 of the Dungeon.
             The game lasted 00:29:12 (6524 turns).

mcbry74 the Spear-Bearer (Merfolk Gladiator)        Turns: 6524, Time: 00:29:13

Health: -7/61      AC:  8    Str: 14    XL:     9   Next: 72%
Magic:  9/9        EV: 13    Int: 10    God:    Trog [*.....]
Gold:   348        SH:  0    Dex: 15    Spells: 8/8 levels left

rFire   . . .      SeeInvis .   x - +11 quarterstaff "Ogreslayer" {protect, rN+ rCorr Str-2}
rCold   . . .      Faith    .   (shield currently unavailable)
rNeg    + . .      Spirit   .   b - +0 leather armour
rPois   +          Reflect  .   c - +0 helmet
rElec   .          Harm     .   z - +0 cloak
rCorr   +          Rampage  .   n - +0 pair of gloves
Will    .....                   i - +1 pair of boots
Stlth   +.........              g - amulet of magic regeneration
HPRegen 0.20/turn               p - ring of poison resistance
MPRegen 0.51/turn               (no ring)

@: no status effects
A: (nimble swimmer 2), mertail
a: Renounce Religion, Berserk


You were on level 7 of the Dungeon.
You worshipped Trog.
Trog was aware of your devotion.
You visited 1 branch of the dungeon, and saw 7 of its levels.

You collected 348 gold pieces.

Inventory:

Hand Weapons
 a - a +0 trident
 v - a +0 halberd
 x - the +11 quarterstaff "Ogreslayer" (weapon) {protect, rN+ rCorr Str-2}
   (You took it off an orc on level 3 of the Dungeon)

   It grants its wielder temporary protection when it strikes (+7 to AC).
   Str:       It affects your strength (-2).
   rN:        It protects you from negative energy.
   rCorr:     It protects you from acid and corrosion.
 y - a +4 quarterstaff of chaos
Missiles
 d - 3 throwing nets
 f - 178 stones
 s - 6 javelins
 K - 6 boomerangs (quivered)
Armour
 b - a +0 leather armour (worn)
 c - a +0 helmet (worn)
 i - a +1 pair of boots (worn)
 n - a +0 pair of gloves (worn)
 r - a scarf of invisibility
 z - a +0 cloak (worn)
Jewellery
 g - an amulet of magic regeneration (around neck)
 p - a ring of poison resistance (left hand)
 t - a ring of flight
Wands
 o - a wand of iceblast (5)
 G - a wand of digging (5)
 J - a wand of polymorph (5)
Scrolls
 e - 2 scrolls of identify {unknown}
 k - 9 scrolls of teleportation {unknown}
 u - a scroll of brand weapon {unknown}
 w - a scroll of holy word {unknown}
 B - 2 scrolls of magic mapping {unknown}
 D - a scroll of fog {unknown}
 E - 2 scrolls of enchant weapon {unknown}
 F - 2 scrolls of blinking {unknown}
 I - a scroll of noise {unknown}
Potions
 h - 3 potions of lignification {unknown}
 j - 2 potions of heal wounds {unknown}
 l - a potion of might {unknown}
 m - a potion of brilliance {unknown}
 q - a potion of degeneration {unknown}
 A - 2 potions of flight {unknown}
 C - a potion of curing {unknown}
 H - a potion of cancellation {unknown}


   Skills:
 - Level 2.1 Fighting
 * Level 13.8 Polearms
 + Level 6.8 Throwing
 - Level 4.0 Dodging
 + Level 6.1 Evocations


You had 8 spell levels left.
You didn't know any spells.
Your spell library contained the following spells:

 Spells                   Type           Power      Damage    Failure   Level
 Sublimation of Blood     Necr           0%         N/A       58%         2
 Petrify                  Tmut/Erth      0%         N/A       99%         4
 Irradiate                Conj/Tmut      0%         3d13      100%        5


Dungeon Overview and Level Annotations

Branches:
Dungeon (7/15)             Temple (0/1) D:4

Altars:
Makhleb
Qazlal
Trog

Shops:
D:3 [


Innate Abilities, Weirdness & Mutations

((You are very nimble when in or above water. (Stealth+, EV+, Speed+++)))
Your lower body shifts to a powerful aquatic tail in water.


Message History

You hit the orc warrior.
The orc warrior is severely wounded.
The orc warrior hits you with a +0 glaive.
You hit the orc warrior.
The orc warrior is almost dead.
The orc warrior barely misses you.
The gnoll shaman mumbles some strange prayers to its god against you.
You easily resist.
The orc warrior hits you from afar with a +0 glaive.
* * * LOW HITPOINT WARNING * * *
The gnoll shaman calls down the wrath of its god upon you.
You easily resist.
There is an open door here.
Throw: 6 boomerangs
Press: ? - help, Q - select action, (/) - cycle Shift-Dir - straight line, f - orc warrior
Aim: an orc warrior, wielding a +0 glaive and wearing a +0 plate armour (almost dead, 63% to hit)
You throw a boomerang.
The boomerang barely misses the orc warrior.
The boomerang hits the gnoll shaman but does no damage.
The orc warrior completely misses you.
Throw: 6 boomerangs
Press: ? - help, Q - select action, (/) - cycle Shift-Dir - straight line, f/p - orc warrior
Aim: an orc warrior, wielding a +0 glaive and wearing a +0 plate armour (almost dead, 63% to hit)
You throw a boomerang.
The boomerang closely misses the orc warrior.
The boomerang closely misses the gnoll shaman.
The orc warrior hits you from afar with a +0 glaive!
* * * LOW HITPOINT WARNING * * *
You see here a +0 short sword.
Things that are here:
a +0 mace; a +0 leather armour You see here a +0 whip.
Throw: 6 boomerangs
Press: ? - help, Q - select action, (/) - cycle Shift-Dir - straight line, f/p - orc warrior
Aim: an orc warrior, wielding a +0 glaive and wearing a +0 plate armour (almost dead, 63% to hit)
You throw a boomerang.
The boomerang hits the orc warrior but does no damage.
The orc warrior is almost dead.
The orc warrior hits you from afar with a +0 glaive!!
You die...

....###.....#)##
#.#
......#)#####.)#
#.# ##......#
##.## #.#
#.##.#### #..#
#.# #.#.....###
##.# #.#
#.#..#....# #g#
#.# ##.####....#
#o###.# ...#
#....# #..##.#
#######....#
##@##.###
#####......#
#.##...#
).##.......#
###..#.#.#
#.##....####
#......#.#####
#.##....#
#.##...#..(..#
#.......# #.
##..#####.#
#####...# .
#.....##.# #...#
## #####.##.####
#...#
#########.#.....#


You could see an orc warrior and a gnoll shaman.

Vanquished Creatures
  Joseph (D:7)
  Edmund (D:5)
  4 sky beasts
  2 necrophages
  An orc warrior (D:7)
  6 ogres
  A bullfrog (D:4)
  5 scorpions
  4 wights (D:4)
  A bullfrog zombie (D:6)
  2 hounds (D:5)
  2 gnoll shamans (D:4)
  An orc priest (D:7)
  2 centaur skeletons
  2 iguanas
  Crazy Yiuf (D:3)
  An orc wizard (D:7)
  A hound zombie (D:5)
  A howler monkey skeleton (D:6)
  8 adders
  15 gnolls
  2 shadow imps
  2 white imps
  3 ufetubi
  An adder skeleton (D:4)
  3 worms
  2 dart slugs
  11 orcs
  6 ball pythons
  5 bats
  3 endoplasms
  A giant cockroach (D:3)
  3 goblins
  5 hobgoblins
  5 jackals
  9 kobolds
  2 quokkas
  5 frilled lizards
  9 rats
139 creatures vanquished.

Vanquished Creatures (others)
  3 plants (D:4)
3 creatures vanquished.

Grand Total: 142 creatures vanquished

Notes
Turn   | Place    | Note
-------+----------+-------------------------------------------
     0 | D:1      | mcbry74 the Merfolk Gladiator began the quest for the Orb.
     0 | D:1      | Reached XP level 1. HP: 16/16 MP: 1/1
   149 | D:1      | Reached XP level 2. HP: 22/22 MP: 2/2
   162 | D:1      | Reached skill level 5 in Polearms
   763 | D:2      | Reached XP level 3. HP: 27/27 MP: 3/3
  1137 | D:2      | Reached skill level 6 in Polearms
  1372 | D:3      | Reached XP level 4. HP: 33/33 MP: 4/4
  1697 | D:3      | Found a stormy altar of Qazlal.
  1838 | D:3      | Reached skill level 1 in Evocations
  1976 | D:3      | Found a bloodstained altar of Trog.
  2096 | D:3      | Became a worshipper of Trog the Wrathful
  2130 | D:3      | Reached XP level 5. HP: 38/38 MP: 5/5
  2166 | D:3      | Found Jesatirch's Antique Armour Boutique.
  2177 | D:3      | Identified the +11 quarterstaff "Ogreslayer" {protect, rN+
                  | rCorr Str-2}
  2339 | D:3      | Found a runed translucent door.
  2340 | D:3      | Noticed Crazy Yiuf
  2347 | D:3      | Killed Crazy Yiuf
  2348 | D:3      | Reached skill level 7 in Polearms
  2645 | D:4      | Noticed an ogre
  2666 | D:4      | Killed an ogre
  2667 | D:4      | Reached XP level 6. HP: 44/44 MP: 6/6
  2946 | D:4      | Found a staircase to the Ecumenical Temple.
  2964 | D:4      | Reached skill level 8 in Polearms
  3139 | D:4      | You fall into a shaft and drop 1 floor!
  3139 | D:5      | Entered Level 5 of the Dungeon
  3161 | D:5      | Reached XP level 7. HP: 30/50 MP: 7/7
  3166 | D:5      | Reached skill level 9 in Polearms
  3514 | D:5      | Reached skill level 10 in Polearms
  3514 | D:5      | Reached XP level 8. HP: 56/56 MP: 8/8
  3762 | D:5      | Noticed Edmund
  3771 | D:5      | Killed Edmund
  3772 | D:5      | Reached skill level 5 in Throwing
  3997 | D:4      | Reached skill level 11 in Polearms
  4506 | D:4      | Reached * piety under Trog
  4863 | D:5      | Found a burning altar of Makhleb.
  5280 | D:6      | Reached skill level 12 in Polearms
  5378 | D:6      | Reached skill level 5 in Evocations
  5378 | D:6      | Reached XP level 9. HP: 61/61 MP: 9/9
  6131 | D:7      | Noticed Joseph
  6151 | D:7      | Killed Joseph
  6152 | D:7      | Reached skill level 13 in Polearms
  6524 | D:7      | Mangled by an orc warrior

Illustrated notes

Levels and vault maps discovered:
D:1:      dpeg_arrival_shelter, layout_basic,
          wander_ebering_terrifying_dragon_lair
D:2:      layout_rooms, serial_forest, infiniplex_forest_lined_2,
          infiniplex_forest_fountain, infiniplex_forest_clump_curved,
          infiniplex_forest_straight_1
D:3:      layout_rooms, mainiacjoe_overflow_tiny_flanked,
          mainiacjoe_overflow_surrounded_room, serial_shops,
          nicolae_shop_hallway_plus, uniq_crazy_yiuf_cottage
D:4:      layout_layer_cave, minmay_temple_entry_gardened_gates,
          serial_co_window_serial, co_window_paths_b, co_window_corner_a,
          co_window_of_opportunity_a, co_window_corner_a, co_window_paths_a,
          co_window_broadway_c, co_window_unsneaky_path_e, co_window_paths_c,
          co_window_of_opportunity_b, co_window_4corner_a, glass_columns_a,
          glass_columns_a, glass_columns_c, kennysheep_generic_room_10
D:5:      layout_loops_ring, kennysheep_mini, chequers_serial_rivers_room_a,
          minmay_chambers_of_fives, uniq_edmund
D:6:      minmay_evil_eye, layout_loops_cross, nicolae_fountain_basement
D:7:      layout_basic, st_stairs_10, uniq_duvessa, uniq_joseph

Skill      XL: |  1  2  3  4  5  6  7  8  9 |
---------------+----------------------------+-----
Polearms       | 5 6 7 8 10 12 13 | 13.8
Throwing       | 3 4 5 6 |  6.8
Evocations     | 1 2 3 5 6 |  6.1
Fighting       | |  2.1
Dodging        | |  4.0

Action                   |  1- 3 |  4- 6 |  7- 9 || total
-------------------------+-------+-------+-------++-------
Melee: Trident           |   117 |    66 |       ||   183
       Quarterstaff      |       |    59 |   198 ||   257
Throw: Stone             |     5 |    71 |    43 ||   119
       Javelin           |       |     5 |    16 ||    21
       Throwing net      |       |       |     1 ||     1
       Boomerang         |       |       |     5 ||     5
Invok: Berserk           |       |       |     1 ||     1
 Stab: Sleeping          |     4 |       |       ||     4
       Held in net/web   |       |       |     1 ||     1
Armor: Leather armour    |    16 |    31 |    61 ||   108
Dodge: Dodged            |    31 |    89 |   107 ||   227
